Map: Ulrena

Players

capac - Winner!

  • Race: Terran Terran
  • League: Gold

Excellence

  • Race: Zerg Zerg
  • League: Gold

VOD

Have the link to the VOD?

Description

Time

  • Played on: April 30, 2016, 10:51 a.m.
  • Length: 19:26
Show
View Real Time Build Order
Export as new Build Order

capac Terran - Winner!

Build Orders: Reaper Expand, MMM Bio 

Get SALT Encoding   

  12  0:00  SCV  
  13  0:13  SCV  
  14  0:18  Supply Depot  
  14  0:25  SCV  
  15  0:39  SCV  
  15  0:40  Barracks  
  16  0:46  Refinery  
  16  0:52  SCV  
  17  1:04  SCV  
  18  1:16  SCV  
  19  1:31  Reaper, Orbital Command  
  20  1:43  Command Center  
  20  1:51  Supply Depot  
  20  1:57  SCV  
  21  2:02  Marine  
  22  2:31  Barracks  
  22  2:32  Command Center  
  21  2:54  Bunker  
  21  2:55  Marine  
  22  3:03  Refinery  
  22  3:04  Barracks  
  21  3:25  Marine x2  
  23  3:31  Factory  
  23  3:34  Bunker  
  23  3:44  Marine x2  
  23  3:46  Orbital Command  
  25  3:50  SCV  
  25  3:54  Barracks Tech Lab  
  26  4:02  SCV  
  27  4:07  Marine  
  27  4:08  Marine  
  29  4:15  SCV  
  30  4:18  Factory Tech Lab  
  30  4:34  Starport  
  30  4:38  Marine x2  
  32  4:51  Siege Tank  
  35  4:57  SCV  
  36  5:00  Marine  
  37  5:09  SCV  
  37  5:12  Marine  
  37  5:13  Marine  
  40  5:19  Medivac  
  42  5:23  Stimpack  
  42  5:37  Marine x3  
  42  5:40  SCV  
  46  5:45  Orbital Command  
  46  6:32  Barracks Reactor  
  46  6:38  Starport Reactor  
  46  6:44  Command Center  
  46  6:45  Barracks Reactor  
  46  7:13  Barracks, Liberator x2  
  46  7:15  Barracks  
  46  7:17  Supply Depot  
  46  7:18  Supply Depot  
  46  7:21  Marine x3, Siege Tank, SCV x2  
  54  7:33  SCV x2  
  62  7:38  Marine  
  62  7:40  Marine x4  
  67  7:45  SCV x2  
  67  7:49  Supply Depot  
  67  7:50  Supply Depot  
  69  7:56  Marine  
  69  7:57  Marine, SCV x2  
  69  7:58  Marine  
  74  8:07  Marine x2  
  74  8:09  SCV x2, Combat Shields  
  74  8:10  Barracks Reactor  
  74  8:12  Barracks Reactor  
  78  8:14  Marine  
  78  8:15  Medivac x2  
  78  8:18  Starport  
  83  8:21  SCV x2  
  85  8:28  Supply Depot  
  85  8:30  Supply Depot, Siege Tank  
  88  8:45  Medivac  
  85  8:51  Marine x2  
  85  8:52  Marine x5  
  85  8:54  Medivac  
  94  9:04  Starport Reactor  
  94  9:05  Supply Depot  
  94  9:06  Engineering Bay x2  
  94  9:14  Marine x3  
  94  9:15  Marine x4  
  94  9:16  SCV  
  102  9:20  Liberator  
  102  9:22  Orbital Command  
  102  9:28  Marauder  
  102  9:29  Marine  
  105  9:32  Marine  
  109  9:47  Supply Depot  
  109  9:51  Supply Depot x2  
  109  9:56  Refinery, SCV x2  
  109  9:57  Refinery  
  111  10:10  Liberator x2  
  111  10:20  Marine x4  
  111  10:21  Marine x2  
  122  10:29  SCV x3  
  122  10:30  Supply Depot  
  125  10:41  SCV x3  
  125  10:42  Marine x3  
  131  10:57  SCV x3  
  134  11:08  Supply Depot  
  134  11:10  Supply Depot  
  130  11:13  Supply Depot  
  86  11:40  Marine x3  
  86  11:41  Marine x6  
  95  11:51  Liberator x4  
  95  11:57  Marine  
  95  11:58  Marine x2  
  98  12:02  Marine x2  
  98  12:03  Marine x4  
  107  12:15  Marine x2  
  116  12:16  Marine  
  116  12:20  Marine x3  
  116  12:21  Marine x3  
  125  12:31  SCV  
  125  12:33  Marine x2  
  125  12:34  Marine, Liberator x4  
  125  12:35  Concussive Shells  
  129  12:38  Supply Depot, Marine x5  
  129  12:39  Marine  
  129  12:43  Supply Depot  
  135  12:45  Refinery  
  135  12:46  Refinery  
  135  12:51  Marine x2  
  138  12:52  Marine  
  138  12:56  Marine  
  151  13:05  Terran Infantry Weapons Level 1  
  151  13:07  Terran Infantry Armor Level 1  
  151  13:13  Fusion Core  
  151  13:16  Marine  
  151  13:17  Marine x4, Armory  
  151  13:18  Marauder, Marine x3  
  161  13:35  SCV x2  
  161  13:36  SCV  
  154  14:29  Liberator x4  
  120  14:47  Marine  
  120  14:48  Marine x8  
  134  15:05  Marine  
  134  15:06  Marine x8  
  135  15:11  Liberator  
  127  15:18  Liberator  
  127  15:19  Liberator x2  
  120  15:23  Marine x4  
  120  15:24  Marine x5  
  132  15:41  Marine x9  
  150  15:59  Marine x5  
  149  16:13  Liberator x2  
  149  16:14  Liberator x2  
  146  16:31  Marine  
  146  16:32  Marine x8  
  147  16:49  Marine  
  147  16:50  Marine x8  
  147  16:56  Liberator x3  
  140  17:07  Marine x4  
  140  17:08  Marine x4  
  157  17:18  SCV x3  
  160  17:30  SCV x2  
  160  17:31  SCV  
  163  17:42  SCV  
  163  17:43  SCV x2  
  166  17:50  Liberator x2  
  162  17:54  SCV  
  162  17:55  SCV  
  162  17:56  Marine x4  
  162  17:57  Marine  
  143  17:59  Liberator  
  151  19:05  Command Center  
Show
View Real Time Build Order
Export as new Build Order

Excellence Zerg 

Build Orders: Pool First, Lurkers 

Get SALT Encoding   

  12  0:01  Drone  
  13  0:08  Drone  
  14  0:14  Extractor, Drone  
  14  0:38  Spawning Pool  
  14  0:39  Drone  
  14  0:43  Extractor  
  14  0:44  Drone  
  15  0:54  Overlord  
  15  1:25  Zergling x6  
  18  1:28  Metabolic Boost  
  18  1:29  Queen  
  20  1:43  Zergling x2  
  21  1:47  Overlord  
  21  1:58  Zergling x2  
  22  2:18  Zergling x2  
  22  2:28  Zergling x2  
  23  2:35  Hatchery  
  22  2:42  Zergling x2  
  22  2:43  Zergling x2  
  23  3:26  Drone x6  
  29  3:46  Drone  
  30  3:49  Overlord  
  30  3:54  Overlord  
  30  3:59  Drone x2  
  30  4:01  Drone  
  30  4:02  Drone  
  34  4:06  Queen x2  
  34  4:09  Roach Warren  
  37  4:15  Drone  
  37  4:43  Drone x2  
  37  4:44  Drone  
  40  4:49  Lair  
  40  4:57  Extractor  
  40  4:58  Extractor  
  40  4:59  Drone x2  
  41  5:00  Drone x3  
  41  5:01  Extractor, Drone  
  41  5:50  Roach x4  
  41  5:51  Zergling x2, Roach  
  41  5:55  Hatchery  
  41  5:56  Overlord x4  
  51  6:02  Glial Reconstitution  
  47  6:22  Zergling x2  
  47  6:23  Zergling x4, Roach x4  
  58  6:45  Ravager  
  58  6:46  Ravager x2, Overlord  
  61  6:47  Overlord x2  
  61  6:49  Zergling x4, Roach x2  
  67  6:58  Queen  
  69  7:17  Queen  
  69  7:20  Drone x6  
  69  7:21  Drone x2  
  81  7:23  Zergling x2, Roach x2  
  81  7:27  Drone x3  
  87  7:30  Drone  
  88  8:06  Drone x3  
  91  8:14  Extractor  
  91  8:15  Extractor, Drone x5  
  91  8:17  Drone x6  
  100  8:20  Drone  
  99  8:35  Baneling Nest  
  99  8:38  Spore Crawler  
  94  8:51  Zergling x4, Roach  
  94  8:52  Zergling x6, Roach x2  
  94  8:54  Overlord x3  
  94  8:55  Overlord x2  
  105  9:15  Hydralisk Den  
  104  9:24  Centrifical Hooks  
  104  9:29  Hatchery, Baneling x6  
  104  9:30  Baneling x3  
  104  9:31  Zergling x8, Roach x3  
  109  9:32  Zergling x4, Roach x4  
  109  9:34  Ravager x4  
  109  9:35  Ravager x2  
  109  9:37  Overlord x2  
  129  9:40  Overseer  
  129  9:41  Overseer  
  129  10:08  Pneumatized Carapace  
  129  10:10  Lurker Den  
  127  10:45  Evolution Chamber  
  127  10:47  Evolution Chamber, Drone x3  
  127  10:48  Drone x2  
  130  10:58  Drone x6  
  130  10:59  Hydralisk x12  
  131  11:43  Hydralisk  
  133  11:48  Hydralisk  
  133  11:49  Zergling x4, Hydralisk x4, Roach x2  
  133  11:50  Zergling x6, Roach x3  
  158  11:56  Queen  
  158  11:58  Drone  
  158  11:59  Drone  
  158  12:00  Drone x3  
  165  12:02  Extractor  
  164  12:14  Infestation Pit  
  159  12:34  Extractor  
  158  12:41  Zerg Missile Weapons Level 1, Zerg Ground Armor Level 1  
  158  12:47  Muscular Augments  
  158  12:52  Spire  
  158  12:55  Spore Crawler  
  156  13:04  Nydus Network  
  155  13:25  Overlord x5  
  155  13:26  Overlord x2  
  155  13:31  Lurker x2  
  155  13:32  Lurker x6  
  163  13:38  Overlord x3  
  137  14:24  Hydralisk  
  137  14:25  Zergling x6, Hydralisk x5, Roach x2  
  137  14:26  Zergling x12, Roach x6, Hydralisk x5  
  137  14:27  Zergling x4, Roach x3  
  183  14:46  Ravager x2  
  183  14:47  Ravager x3  
  125  15:38  Mutalisk  
  125  15:39  Mutalisk x14  
  125  15:40  Mutalisk x9  
  173  15:49  Zerg Flyer Weapons Level 1  
  173  15:50  Zerg Missile Weapons Level 2  
  173  15:51  Zerg Ground Armor Level 2  
  173  15:53  Zergling x4  
  173  15:54  Zergling x4  
  144  17:15  Corruptor  
  144  17:16  Corruptor x12  
  163  17:42  Zergling x18  
  163  17:43  Zergling x6  
  168  18:10  Baneling  
  168  18:11  Baneling x22  
  168  18:12  Baneling  
  168  18:35  Hatchery  
  167  18:44  Hatchery  
Tags
 
Add a new tag
Caveats
  • Supply blocks, unpowered buildings, or Contaminate may cause inaccurate times.
  • Supply counts are checked every 10 seconds.